 Dungeon Crawl Stone Soup version 0.22-a0-388-g09e6169d0a (webtiles) character file.

10418 Flugkiller the Summoner (level 11, 0/83 HPs)
             Began as a Mummy Summoner on Apr 30, 2018.
             Was a High Priest of Sif Muna.
             Slain by an elephant (10 damage)
             ... on level 3 of the Lair of Beasts.
             The game lasted 00:33:30 (18040 turns).

Flugkiller the Summoner (Mummy Summoner)           Turns: 18040, Time: 00:33:31

Health: 0/83       AC:  8    Str: 12    XL:     11   Next: 35%
Magic:  7/23       EV: 11    Int: 20    God:    Sif Muna [*****.]
Gold:   492        SH:  0    Dex: 13    Spells: 12/27 levels left

rFire    . . .     SeeInvis .   l - +0 dagger (venom)
rCold    + . .     Gourm    +   (no shield)
rNeg     + + +     Faith    .   g - +3 leather armour
rPois    ∞         Spirit   .   w - +1 hat {Int+3}
rElec    .         Reflect  .   (no cloak)
rCorr    .         Harm     .   j - +0 pair of gloves
MR       +....                  (no boots)
Stlth    ++........             u - amulet of the gourmand
HPRegen  0.23/turn              v - ring of protection from fire
MPRegen  0.18/turn              k - ring of wizardry

@: no status effects
A: no food or potions, fire vulnerability, cold resistance 1, negative energy
resistance 3, torment resistance, unbreathing
a: Divine Energy, Channel Magic, Forget Spell, Renounce Religion


You were on level 3 of the Lair of Beasts.
You worshipped Sif Muna.
Sif Muna was extremely pleased with you.
You were not hungry.

You visited 2 branches of the dungeon, and saw 11 of its levels.
You also visited: Sewer and Ossuary.

You collected 492 gold pieces.

Inventory:

Hand Weapons
 l - a +0 dagger of venom (weapon)
Armour
 g - a +3 leather armour (worn)
 j - a +0 pair of gloves (worn)
 w - a +1 hat of intelligence (worn)
Jewellery
 k - a ring of wizardry (right hand)
 t - a +5 ring of dexterity
 u - an amulet of the gourmand (around neck)
 v - a ring of protection from fire (left hand)
Wands
 a - a wand of polymorph (10)
 b - a wand of iceblast (11)
 o - a wand of flame (22)
 q - a wand of acid (6)
Scrolls
 d - 3 scrolls of remove curse
 e - a scroll of amnesia
 f - 3 scrolls of fog
 h - 3 scrolls of identify
 i - 2 scrolls of magic mapping
 m - a scroll of teleportation
 n - 2 scrolls of enchant weapon
 p - a scroll of immolation
 r - a scroll of enchant armour
 s - a scroll of blinking


   Skills:
 + Level 6.4 Fighting
 + Level 5.3 Armour
 - Level 1.5 Dodging
 - Level 1.5 Stealth
 - Level 8.8 Spellcasting
 + Level 11.2 Summonings
 - Level 4.1 Air Magic


You had 12 spell levels left.
You knew the following spells:

 Your Spells              Type           Power        Failure   Level  Hunger
b - Call Imp              Summ           ######..     1%          2    N/A
c - Call Canine Familiar  Summ           ######..     1%          3    N/A
d - Summon Ice Beast      Ice/Summ       ####....     4%          4    N/A
e - Summon Lightning Spi  Summ/Air       #####...     1%          4    N/A
r - Blink                 Tloc           N/A          6%          2    N/A

Dungeon Overview and Level Annotations

Branches:
Dungeon (8/15)             Temple (0/1) D:4            Lair (3/6) D:8
 Shoals (0/4) Lair:2        Snake (0/4) Lair:2

Altars:
Ashenzari
Cheibriados
Hepliaklqana
Kikubaaqudgha
Nemelex Xobeh
Qazlal
Ru
Sif Muna
Wu Jian
Xom
Yredelemnul
Zin
The Shining One

Annotations:
D:6 RedPan's ghost, novice DrFE


Innate Abilities, Weirdness & Mutations

You do not eat or drink.
Your flesh is vulnerable to fire.
You are immune to poison.
Your flesh is cold resistant. (rC+)
You are immune to negative energy. (rN+++)
You are immune to unholy pain and torment.
You can survive without breathing.


Message History

The elephant trunk-slaps your ice beast but does no damage.
You see here 9 poisoned needles.
Your ice beast hits the elephant but does no damage.
The wolf bites you! The elephant tramples your ice beast!
Your ice beast stumbles backwards!
A komodo dragon comes into view.
Your ice beast hits the elephant but does no damage.
The elephant barely misses your ice beast.
The elephant closely misses your ice beast.
The elephant tramples your ice beast!
Your ice beast holds its ground!
Your ice beast dies!
The komodo dragon hisses angrily.
The wolf completely misses you. The wolf bites you but does no damage.
The komodo dragon bites you!!
* * * LOW HITPOINT WARNING * * *
Casting: Summon Ice Beast (safe; 4% risk of failure)
Confirm with . or Enter, or press ? or * to list all spells.
You blink.
The elephant tramples you!
You die...

.......................†.÷.......
....................÷...........
#..# ##.#....#.#..#.####.#...##P
##..# ##..####....## ###..##
#...## #...#####..## ###..#
#....#####..#.##...######....###
##.÷.P##.#...##.#..#...##.P..#.##
....÷........§...Y.Y.....§.......
.............lYh@.(Y.....§.......
#...##...P######...####..........
#...#.#...# #...# #†..8......
#...##..÷.# #...# #..........
....###..## #...# #..........
#..## #...# ##..# #...........
#..# #..## ...# ##.......... #..
#<.P# #... #.......... #.P##
#........


You could see 4 elephants, a komodo dragon and a wolf.

Vanquished Creatures
  Nergalle (Lair:2)
  A hungry ghost (D:8)
  An orc warrior (D:6)
  A sky beast (D:6)
  3 wolves
  A centaur (D:8)
  2 crocodiles
  A bullfrog (D:7)
  A killer bee (D:7)
  5 electric eels (D:8)
  2 howler monkeys
  A crimson imp (D:5)
  3 hounds
  A centaur zombie (Ossuary)
  A centaur skeleton (D:7)
  An iguana (D:8)
  An orc wizard (D:7)
  3 worker ants
  A gnoll (D:2)
  3 adders
  3 white imps (Lair:1)
  A dart slug (D:3)
  2 leopard geckos
  8 orcs
  A ball python (Lair:2)
  A giant cockroach (D:5)
  2 kobolds
  A bat (D:1)
  A hobgoblin zombie (Ossuary)
  A quokka zombie (D:5)
  2 rats
57 creatures vanquished.

Vanquished Creatures (collateral kills)
  Gastronok (Lair:2)
  2 hydras
  A two-headed ogre (D:8)
  Erica (D:8)
  A merfolk siren (Lair:2)
  4 black mambas
  4 spiny frogs
  A komodo dragon (Lair:3)
  A troll (D:8)
  A merfolk (Lair:2)
  7 hippogriffs
  The ghost of Banto the Sneak, an amateur OpIE of Sif Muna (D:4)
  6 yaks
  8 water moccasins
  4 ice beasts
  2 orc warriors (D:8)
  5 ogres
  2 phantoms
  A black bear (Lair:2)
  27 wolves
  A centaur (D:8)
  8 crocodiles
  A big kobold (Sewer)
  An elf zombie (Ossuary)
  6 bullfrogs
  A wyvern zombie (D:7)
  3 killer bees (D:7)
  A howler monkey (D:8)
  2 centaur zombies (Ossuary)
  A crimson imp (D:5)
  A bullfrog zombie (D:4)
  3 hounds (D:8)
  6 orc priests
  A centaur skeleton (D:7)
  A human zombie (Ossuary)
  A jelly (D:5)
  A bullfrog skeleton (D:5)
  5 orc wizards
  3 iguanas
  2 worker ants
  4 big kobold zombies (Ossuary)
  A hound zombie (D:7)
  A hound skeleton (D:4)
  2 mummies (Ossuary)
  4 gnolls
  13 adders
  A river rat (Sewer)
  A shadow imp (D:8)
  9 white imps (Lair:1)
  An ooze (D:1)
  An adder zombie (Ossuary)
  6 worms
  3 dart slugs
  4 leopard geckos
  28 orcs
  4 giant cockroaches
  8 goblins
  5 hobgoblins
  8 jackals
  16 kobolds
  A quokka (D:5)
  7 ball pythons
  3 bats
  6 frilled lizards
  7 hobgoblin zombies
  A jackal zombie (D:4)
  7 kobold zombies (Ossuary)
  12 orc zombies (Ossuary)
  A quokka skeleton (D:5)
  8 rats
  A rat zombie (Ossuary)
303 creatures vanquished.

Vanquished Creatures (others)
  12 fungi
  8 plants
20 creatures vanquished.

Grand Total: 380 creatures vanquished

Notes
Turn   | Place    | Note
-------+----------+-------------------------------------------
     0 | D:1      | Flugkiller the Mummy Summoner began the quest for the Orb.
     0 | D:1      | Reached XP level 1. HP: 13/13 MP: 4/4
   301 | D:1      | Reached XP level 2. HP: 19/19 MP: 3/6
   325 | D:1      | Learned a level 2 spell: Call Imp
  1070 | D:1      | Reached skill level 4 in Summonings
  1261 | D:1      | Reached XP level 3. HP: 12/24 MP: 1/7
  1325 | D:1      | Learned a level 3 spell: Call Canine Familiar
  2522 | D:2      | Reached XP level 4. HP: 26/30 MP: 4/8
  3191 | D:3      | Found a glowing drain.
  3264 | Sewer    | Entered a sewer
  3466 | Sewer    | Learned a level 4 spell: Summon Lightning Spire
  3482 | Sewer    | Noticed a big kobold
  3493 | Sewer    | Killed a big kobold
  3582 | Sewer    | Reached skill level 1 in Air Magic
  3670 | Sewer    | Found a glowing silver altar of Zin.
  4036 | D:3      | Reached XP level 5. HP: 31/35 MP: 6/9
  4130 | D:3      | Found a sparkling altar of Nemelex Xobeh.
  4225 | D:3      | Reached skill level 5 in Summonings
  4266 | D:3      | Found a shimmering altar of Xom.
  4267 | D:3      | Found a hazy altar of Hepliaklqana.
  4268 | D:3      | Noticed a spectral ugly thing
  4707 | D:4      | Found a sand-covered staircase.
  4719 | Ossuary  | Entered an ossuary
  5566 | Ossuary  | Reached XP level 6. HP: 32/41 MP: 2/10
  6268 | D:4      | Found a deep blue altar of Sif Muna.
  6281 | D:4      | Became a worshipper of Sif Muna the Loreminder
  6350 | D:4      | Found a snail-covered altar of Cheibriados.
  6628 | D:4      | Reached XP level 7. HP: 42/46 MP: 7/11
  6699 | D:4      | Reached skill level 6 in Summonings
  6919 | D:4      | Found a staircase to the Ecumenical Temple.
  6978 | D:4      | Noticed Banto's ghost (amateur OpIE)
  7005 | D:4      | Killed Banto's ghost
  7281 | D:5      | Entered Level 5 of the Dungeon
  7807 | D:5      | Found an ornate altar of the Wu Jian Council.
  7851 | D:5      | Found a basalt altar of Yredelemnul.
  7861 | D:5      | Found a sacrificial altar of Ru.
  7868 | D:5      | Found a stormy altar of Qazlal.
  7875 | D:5      | Found a glowing silver altar of Zin.
  7882 | D:5      | Found an ancient bone altar of Kikubaaqudgha.
  7889 | D:5      | Found a glowing golden altar of the Shining One.
  7894 | D:5      | Found a shattered altar of Ashenzari.
  8501 | D:6      | Reached * piety under Sif Muna
  8502 | D:6      | Reached skill level 7 in Summonings
  8502 | D:6      | Reached XP level 8. HP: 41/52 MP: 6/14
  9022 | D:6      | Noticed RedPan's ghost (novice DrFE)
  9295 | D:7      | Reached skill level 5 in Spellcasting
  9358 | D:7      | Noticed a hippogriff
  9377 | D:7      | Killed a hippogriff
  9493 | D:7      | Reached ** piety under Sif Muna
  9555 | D:7      | Reached skill level 8 in Summonings
 10227 | D:8      | Noticed a troll
 10372 | D:8      | Noticed a hippogriff
 10390 | D:8      | Killed a hippogriff
 10390 | D:8      | Reached XP level 9. HP: 31/57 MP: 12/18
 10475 | D:7      | Reached *** piety under Sif Muna
 10910 | D:8      | Reached skill level 9 in Summonings
 11956 | D:8      | Killed a troll
 12018 | D:8      | Noticed Erica
 12019 | D:8      | Found a staircase to the Lair.
 12151 | D:8      | Noticed a two-headed ogre
 12175 | D:8      | Killed a two-headed ogre
 12175 | D:8      | Reached **** piety under Sif Muna
 12349 | D:8      | Killed Erica
 12349 | D:8      | Reached skill level 10 in Summonings
 12721 | Lair:1   | Entered Level 1 of the Lair of Beasts
 12721 | Lair:1   | Noticed a seven-headed hydra
 12728 | Lair:1   | Killed a seven-headed hydra
 12728 | Lair:1   | Reached XP level 10. HP: 63/63 MP: 11/22
 12768 | Lair:1   | Noticed a black mamba
 12773 | Lair:1   | Killed a black mamba
 12955 | Lair:1   | Noticed a spiny frog
 12960 | Lair:1   | Killed a spiny frog
 12960 | Lair:1   | Reached skill level 1 in Fighting
 12960 | Lair:1   | Reached skill level 1 in Armour
 12987 | Lair:1   | Noticed a black mamba
 13369 | Lair:1   | Killed a black mamba
 13440 | Lair:1   | Learned a level 4 spell: Summon Ice Beast
 13749 | Lair:1   | Noticed a spiny frog
 13765 | Lair:1   | Killed a spiny frog
 13971 | Lair:1   | Identified An Early Guide to Witchcraft
 14300 | Lair:1   | Noticed a spiny frog
 14307 | Lair:1   | Killed a spiny frog
 14633 | Lair:2   | Noticed a seven-headed hydra
 14641 | Lair:2   | Killed a seven-headed hydra
 14744 | Lair:2   | Noticed Nergalle
 14767 | Lair:2   | Reached ***** piety under Sif Muna
 14784 | Lair:2   | Killed Nergalle
 15027 | Lair:2   | Noticed a black mamba
 15037 | Lair:2   | Killed a black mamba
 15037 | Lair:2   | Received a gift from Sif Muna
 15042 | Lair:2   | Learned a level 2 spell: Blink
 15190 | Lair:2   | Reached skill level 5 in Fighting
 15433 | Lair:2   | Found a staircase to the Snake Pit.
 15913 | Lair:2   | Noticed Gastronok
 15944 | Lair:2   | Killed Gastronok
 15944 | Lair:2   | Reached XP level 11. HP: 72/80 MP: 7/23
 16237 | Lair:2   | Reached skill level 11 in Summonings
 16267 | Lair:2   | Found a staircase to the Shoals.
 17098 | Lair:3   | Reached skill level 5 in Armour
 18040 | Lair:3   | Slain by an elephant

Vault maps used:
D:1:      sevenhm_arrival_forest_fort_large_4
D:3:      regret_index_temple_of_mockery, lemuel_doored_altar,
          cheibrodos_sewer_entry_bend, lemuel_old_faithful
D:4:      kennysheep_little_box, nicolae_overflow_crystal_walls,
          minmay_temple_entry_butterflies, enter_ossuary_3, serial_bayou,
          serial_bayou_lagoon_a, serial_bayou_shore_b, serial_bayou_lagoon_b,
          serial_bayou_pond_c, serial_bayou_crossing, serial_bayou_lake_a
D:5:      grunt_temple_overflow_octagram, basic_altar, first_ration,
          kennysheep_generic_room_2
D:8:      erik_lair_island, uniq_erica
Lair:1:   portal_ice_cave_entry_imps
Lair:2:   elwin_shoals_entry_rooms, minmay_snake_entry_six_corridors,
          serial_bayou_pond_d, lemuel_fruit_tree, serial_bayou_shore_b,
          uniq_gastronok, uniq_nergalle
Lair:3:   grunt_forest_large_clearings
Sewer:    sewer_kobolds
Ossuary:  ossuary_tomb_1

Skill      XL: |  1  2  3  4  5  6  7  8  9 10 11 |
---------------+----------------------------------+-----
Spellcasting   | 3 4 6 8 |  8.8
Summonings     | 4 5 7 8 10 11 | 11.2
Air Magic      | 1 2 3 4 |  4.1
Fighting       | 5 6 |  6.4
Armour         | 4 5 |  5.3
Dodging        | |  1.5
Stealth        | |  1.5

Action                   |  1- 3 |  4- 6 |  7- 9 | 10-12 || total
-------------------------+-------+-------+-------+-------++-------
Melee: Dagger            |    12 |    72 |   250 |    88 ||   422
 Cast: Summon Small Mamm |    24 |       |       |       ||    24
       Call Imp          |    33 |    41 |    14 |     5 ||    93
       Call Canine Famil |    13 |    48 |    34 |     4 ||    99
       Summon Lightning  |       |     2 |    58 |    39 ||    99
       Summon Ice Beast  |       |       |       |    81 ||    81
       Blink             |       |       |       |     1 ||     1
Invok: Divine Energy     |       |       |     1 |       ||     1
       Stop Divine Energ |       |       |     1 |       ||     1
Evoke: Wand              |       |       |     8 |       ||     8
  Use: Scroll            |       |     6 |     8 |     6 ||    20
 Stab: Sleeping          |     1 |     2 |     2 |       ||     5
       Distracted        |       |       |     6 |     4 ||    10
Armor: Robe              |     2 |     3 |       |       ||     5
       Leather armour    |       |    41 |   112 |    59 ||   212
Dodge: Dodged            |    11 |    63 |   167 |   106 ||   347

Table legend:
 A = Spawn XP
 B = Non-spawn XP
 C = Spawn XP percentage of total XP
 D = Spawn monster count
 E = Non-spawn monster count
 F = Spawn count percentage of total count
 G = Total turns spent on level
                    A         B        C        D         E        F      G
               +---------+---------+-------+---------+---------+-------+---------
         Total |       0 |   14883 |   0.0 |       0 |     360 |   0.0 | 18040
               +---------+---------+-------+---------+---------+-------+---------
           D:1 |       0 |      42 |   0.0 |       0 |      30 |   0.0 |  1502
           D:2 |       0 |      62 |   0.0 |       0 |      26 |   0.0 |  1781
           D:3 |       0 |      43 |   0.0 |       0 |      19 |   0.0 |   947
           D:4 |       0 |     527 |   0.0 |       0 |      28 |   0.0 |  1329
           D:5 |       0 |     301 |   0.0 |       0 |      15 |   0.0 |  1164
           D:6 |       0 |     474 |   0.0 |       0 |      13 |   0.0 |   732
           D:7 |       0 |     874 |   0.0 |       0 |      38 |   0.0 |  1687
           D:8 |       0 |    2574 |   0.0 |       0 |      43 |   0.0 |  1857
        Lair:1 |       0 |    2744 |   0.0 |       0 |      33 |   0.0 |  1820
        Lair:2 |       0 |    4758 |   0.0 |       0 |      37 |   0.0 |  2583
        Lair:3 |       0 |    2148 |   0.0 |       0 |      28 |   0.0 |   916
         Sewer |       0 |      66 |   0.0 |       0 |      11 |   0.0 |   463
       Ossuary |       0 |     270 |   0.0 |       0 |      39 |   0.0 |  1259
               +---------+---------+-------+---------+---------+-------+---------
